 Dungeon Crawl Stone Soup version 0.27-a0-1185-ga233589e6f (webtiles) character file.

Game seed: 12607850447216129856

8218 Morbidden the Carver (level 11, 0/84 HPs)
             Began as a Demonspawn Fighter on May 19, 2021.
             Was a Priest of Okawaru.
             Slain by a large abomination (21 damage)
             ... on level 2 of the Abyss.
             The game lasted 00:36:16 (20498 turns).

Morbidden the Carver (Demonspawn Fighter)          Turns: 20498, Time: 00:36:17

Health: 0/84       AC: 21    Str: 24      XL:     11   Next: 7%
Magic:  12/12      EV: 10    Int:  5 (8)  God:    Okawaru [***...]
Gold:   892        SH: 18    Dex: 12      Spells: 16/16 levels left

rFire    + . .     SeeInvis .   a - +1 long sword
rCold    . . .     Faith    .   u - +0 tower shield {AC+3}
rNeg     . . .     Spirit   .   e - +0 plate armour
rPois    .         Reflect  .   (no helmet)
rElec    .         Harm     .   (no cloak)
rCorr    .         Rampage  .   h - +0 pair of gloves
Will     .....                  D - +0 pair of boots
Stlth    +.........             (no amulet)
HPRegen  0.24/turn              g - ring of protection from fire
MPRegen  0.13/turn              A - +6 ring of strength

@: heroic, unable to read
A: ignite blood 1, sturdy frame 2, demonic magic 2, [deterioration 2], [dopey
2], [low mp 2], [inability to read while threatened]
a: Renounce Religion, Heroism


You were on level 2 of the Abyss.
You worshipped Okawaru.
Okawaru was most pleased with you.
You visited 2 branches of the dungeon, and saw 11 of its levels.
You visited the Abyss 1 time.
You also visited: Sewer and Bailey.

You collected 892 gold pieces.

Inventory:

Hand Weapons
 a - a +1 long sword (weapon)
 b - a +0 hunting sling
 r - a +4 dagger
 K - a +2 falchion of flaming
 R - a +2 dagger of venom
Missiles
 f - 38 boomerangs
 q - 76 sling bullets
 t - 4 javelins
 B - 74 poisoned darts (quivered)
 H - 2 throwing nets
 L - a curare-tipped dart
Armour
 c - a +1 kite shield
 e - a +0 plate armour (worn)
 h - a +0 pair of gloves (worn)
 u - a +0 tower shield of protection (worn)
 D - a +0 pair of boots (worn)
 G - +0 acid dragon scales
Jewellery
 g - a ring of protection from fire (left hand)
 p - a ring of magical power
 A - a +6 ring of strength (right hand)
 E - a ring of ice
 O - a ring of ice
Wands
 o - a wand of polymorph (8)
 w - a wand of mindburst (13)
 y - a wand of acid (6)
 M - a wand of flame (8)
Scrolls
 i - 5 scrolls of amnesia
 l - a scroll of immolation
 n - 3 scrolls of teleportation
 F - a scroll of fog
 N - a scroll of identify
 P - a scroll of blinking
 T - a scroll of magic mapping
Potions
 d - a potion of might
 j - a potion of magic
 k - a potion of haste
 m - a potion of invisibility
 s - a potion of cancellation {unknown}
 v - a potion of lignification {unknown}
 x - 2 potions of berserk rage
 z - 4 potions of brilliance
 C - a potion of mutation
 I - a potion of curing
 J - a potion of attraction
 Q - a potion of ambrosia {unknown}
 S - a potion of heal wounds


   Skills:
 * Level 7.0(12.0) Fighting
 * Level 8.5(13.5) Long Blades
 + Level 1.8(7.8) Slings
 + Level 3.2(8.5) Throwing
 + Level 6.3(11.3) Armour
 * Level 5.7(10.7) Dodging
 + Level 1.6(6.6) Stealth
 + Level 6.0(11.0) Shields
 * Level 3.2 Spellcasting
 * Level 5.4 Invocations
 + Level 0.9 Evocations


You had 16 spell levels left.
You didn't know any spells.
Your spell library contained the following spells:

 Spells                   Type           Power      Damage    Failure   Level
 Foxfire                  Conj/Fire      0%         2x1d4     100%        1
 Sandblast                Erth           0%         2d4       100%        1
 Summon Small Mammal      Summ           0%         N/A       100%        1
 Passwall                 Tmut/Erth      0%         N/A       100%        2
 Poisonous Vapours        Pois/Air       0%         N/A       100%        2
 Conjure Flame            Conj/Fire      0%         6-21      100%        3
 Mephitic Cloud           Conj/Pois/Air  0%         N/A       100%        3
 Stone Arrow              Conj/Erth      0%         3d7       100%        3
 Petrify                  Tmut/Erth      0%         N/A       100%        4
 Lee's Rapid Deconstruct  Erth           0%         3d5*      100%        5
 Freezing Cloud           Conj/Ice/Air   0%         6-21      100%        6


Dungeon Overview and Level Annotations

Branches:
Dungeon (10/15)            Temple (1/1) D:7            Lair (0/6) D:10
    Orc (0/2) D:9           Sewer (visited)          Bailey (visited)

Altars:
Ashenzari
Cheibriados
Dithmenos
Elyvilon
Fedhas
Gozag
Hepliaklqana
Kikubaaqudgha
Makhleb
Nemelex Xobeh
Okawaru
Qazlal
Ru
Sif Muna
Trog
Uskayaw
Vehumet
Wu Jian
Xom
Yredelemnul
Zin
The Shining One

Shops:
D:6 =   D:10 (

Annotations:
D:7 exclusions: electric eel and 6 more exclusions
D:9 2 transporters, exclusion: orange crystal statue, Renjy's ghost, novice KoGl


Innate Abilities, Weirdness & Mutations

Your demonic aura sometimes causes spilled blood to erupt in flames.
Your movements are less encumbered by armour. (ER -4)
Spells you cast may paralyse nearby enemies.
[Your body often deteriorates upon taking damage.]
[You are very dopey. (Int -4)]
[Your magical capacity is very low. (-20% MP)]
[You sometimes lose the ability to read scrolls when taking damage.]


Message History

Okawaru is honoured by your kill. The large abomination hits you!
* * * LOW HITPOINT WARNING * * *
Your base Shields skill increases to level 6!
Unknown command.
You block the large abomination's attack.
Unknown command.
You slash the large abomination!
The large abomination is moderately damaged.
You block the large abomination's attack.
You hit the large abomination but do no damage.
The large abomination is moderately damaged.
You barely miss the large abomination.
The large abomination is moderately damaged.
You block the large abomination's attack.
Unknown command.
You slash the large abomination!
The large abomination is heavily damaged.
You block the large abomination's attack.
You hit the large abomination but do no damage.
The large abomination is heavily damaged.
You can read scrolls again.
The large abomination closely misses you.
You hit the large abomination but do no damage.
The large abomination is heavily damaged.
You block the large abomination's attack.
Unknown command.
You hit the large abomination but do no damage.
The large abomination is heavily damaged.
You barely miss the large abomination.
The large abomination is heavily damaged.
The large abomination hits you but does no damage.
You hit the large abomination but do no damage.
The large abomination is heavily damaged.
You block the large abomination's attack.
You closely miss the large abomination.
The large abomination is heavily damaged.
The large abomination hits you!!
You feel threatened and lose the ability to read scrolls!
You die...

#.### ..#.. #
#....#...
#.......
#.'..... #
##....##+#.#
#.....#...#
#.##........#
..#.#.......#
## ##.@......#
#.#...X.#.....
.#............#
#.##..##..##.##
#..... #..# . #
#.........
#.....###...##
. #..... # ....
.... .... ..


You could see a large abomination.

Vanquished Creatures
  A tengu warrior (D:10)
  A wretched star (Abyss:2)
  Joseph (D:7)
  A kobold demonologist (D:9)
  Maggie (D:8)
  A tengu conjurer (D:10)
  A komodo dragon (D:10)
  A hornet (D:9)
  A troll (D:10)
  Grinder (D:6)
  A wyvern (D:8)
  Grum (D:9)
  A steam dragon (D:6)
  3 water moccasins
  2 ice beasts
  A sky beast (D:8)
  6 orc warriors
  2 necrophages
  3 wolves (D:9)
  4 ogres
  2 centaurs
  3 bullfrogs
  10 kobold brigands (D:9)
  3 scorpions
  An electric eel (D:7)
  2 centaur zombies
  5 hounds
  2 jellies
  A bullfrog skeleton (D:6)
  3 orc priests
  2 gnoll shamans (D:7)
  An iguana (D:6)
  8 orc wizards
  Natasha (twice) (D:3)
  2 hound skeletons
  A hound zombie (D:5)
  11 gnolls
  8 adders
  3 shadow imps
  2 white imps (D:6)
  2 ufetubi
  2 worms (D:2)
  4 dart slugs
  26 orcs
  12 ball pythons
  3 bats
  10 endoplasms
  14 giant cockroaches
  11 goblins
  4 hobgoblins
  45 kobolds
  19 quokkas
  15 frilled lizards
  4 kobold skeletons (D:9)
  13 kobold zombies (D:9)
  2 rats (D:3)
292 creatures vanquished.

Vanquished Creatures (others)
  5 dream sheep (D:5)
  A wyvern zombie (D:6)
6 creatures vanquished.

Grand Total: 298 creatures vanquished

Notes
Turn   | Place    | Note
-------+----------+-------------------------------------------
     0 | D:1      | Morbidden the Demonspawn Fighter began the quest for the
                  | Orb.
     0 | D:1      | Reached XP level 1. HP: 18/18 MP: 1/1
   347 | D:1      | Gained mutation: Spells you cast may paralyse adjacent
                  | enemies. [demonic ancestry]
   347 | D:1      | Reached XP level 2. HP: 24/24 MP: 2/2
   485 | D:1      | Reached skill level 2 in Long Blades
  1052 | D:2      | Reached XP level 3. HP: 29/29 MP: 3/3
  1336 | D:2      | Reached skill level 1 in Dodging
  1365 | D:2      | Found a faded altar of an unknown god.
  2116 | D:3      | Found a glowing drain.
  2191 | Sewer    | Entered a sewer
  2624 | Sewer    | Reached XP level 4. HP: 26/35 MP: 4/4
  3756 | Sewer    | Gained mutation: Your movements are slightly less
                  | encumbered by armour. (ER -2) [demonic ancestry]
  3756 | Sewer    | Reached XP level 5. HP: 42/42 MP: 5/5
  4025 | Sewer    | Reached skill level 3 in Long Blades
  4336 | D:3      | Noticed Natasha
  4363 | D:3      | Killed Natasha
  4364 | D:3      | Reached skill level 1 in Throwing
  4739 | D:3      | Noticed Natasha
  4748 | D:3      | Killed Natasha
  4749 | D:3      | Reached XP level 6. HP: 48/48 MP: 6/6
  5351 | D:4      | Noticed an orc warrior
  5429 | D:4      | Reached skill level 4 in Long Blades
  5841 | D:4      | Found a shimmering blue altar of Sif Muna.
  5847 | D:4      | Identified Sif Muna's Guide on the Escort and Heat
  5853 | D:4      | Found a bloodstained altar of Trog.
  5875 | D:5      | Entered Level 5 of the Dungeon
  5886 | D:5      | HP: 2/48 [ogre/+0 giant spiked club (7)]
  5890 | D:5      | Reached XP level 7. HP: 3/54 MP: 7/7
  6727 | D:5      | Noticed a two-headed ogre
  7508 | D:5      | Reached skill level 5 in Long Blades
  7750 | D:5      | Found a hazy altar of Hepliaklqana.
  7750 | D:5      | Found a blossoming altar of Fedhas.
  8599 | D:5      | Gained mutation: Your demonic aura sometimes causes spilled
                  | blood to erupt in flames. [demonic ancestry]
  8599 | D:5      | Reached XP level 8. HP: 56/61 MP: 8/8
  8620 | D:5      | Noticed a dream sheep
  8620 | D:5      | Noticed a dream sheep
  8620 | D:5      | Noticed a dream sheep
  8620 | D:5      | Noticed a dream sheep
  8620 | D:5      | Noticed a dream sheep
  8620 | D:5      | Found a shimmering altar of Xom.
  8623 | D:5      | Killed a dream sheep
  8623 | D:5      | Killed a dream sheep
  8623 | D:5      | Killed a dream sheep
  8626 | D:5      | Killed a dream sheep
  8628 | D:5      | Killed a dream sheep
  8963 | D:6      | Reached skill level 5 in Fighting
  9156 | D:6      | Noticed Grinder
  9166 | D:6      | Killed Grinder
  9440 | D:6      | Reached skill level 6 in Long Blades
 10033 | D:6      | Reached skill level 1 in Stealth
 10147 | D:7      | Noticed Joseph
 10154 | D:7      | Killed Joseph
 10155 | D:7      | Reached skill level 5 in Armour
 10155 | D:7      | Gained mutation: Spells you cast may paralyse nearby
                  | enemies. [demonic ancestry]
 10155 | D:7      | Reached XP level 9. HP: 57/69 MP: 9/9
 10891 | D:7      | Reached skill level 7 in Long Blades
 10955 | D:7      | Found a staircase to the Ecumenical Temple.
 11018 | Temple   | Entered the Ecumenical Temple
 11278 | Temple   | Became a worshipper of Warmaster Okawaru
 12013 | D:7      | Reached skill level 1 in Invocations
 12810 | D:6      | Found Baddarghu's Jewellery Shop.
 12873 | D:6      | Noticed a cyclops
 13057 | D:8      | Noticed Maggie
 13072 | D:8      | Killed Maggie
 13073 | D:8      | Reached skill level 5 in Shields
 13721 | D:8      | Reached skill level 1 in Spellcasting
 14979 | D:8      | Found a burning altar of Makhleb.
 14986 | D:8      | Found a stormy altar of Qazlal.
 14991 | D:8      | Found a broken altar of Ashenzari.
 15731 | D:9      | Found a flagged portal.
 15739 | D:9      | Reached XP level 10. HP: 60/77 MP: 12/12
 15773 | Bailey   | Entered a bailey
 16008 | Bailey   | Reached * piety under Okawaru
 16357 | Bailey   | Reached skill level 5 in Dodging
 16480 | Bailey   | Found an iron altar of Okawaru.
 17385 | D:9      | Found a staircase to the Orcish Mines.
 17406 | D:9      | Found a transporter.
 17406 | D:9      | Noticed a wretched star
 17418 | D:9      | Noticed a brown ugly thing
 17418 | D:9      | Noticed Renjy's ghost (novice KoGl)
 17427 | D:9      | Found a transporter.
 17434 | D:9      | Noticed an orange crystal statue
 17725 | D:9      | Noticed Grum
 17741 | D:9      | Killed Grum
 17742 | D:9      | Reached skill level 1 in Slings
 17757 | D:9      | Noticed a smoke demon
 18560 | D:9      | Found an ancient bone altar of Kikubaaqudgha.
 18931 | D:9      | Noticed a rakshasa
 19071 | D:9      | Reached ** piety under Okawaru
 19555 | D:10     | Entered Level 10 of the Dungeon
 19591 | D:10     | Reached skill level 8 in Long Blades
 19609 | D:10     | Found a staircase to the Lair.
 19635 | D:10     | Reached skill level 5 in Invocations
 20191 | D:10     | Noticed a tengu warrior
 20204 | D:10     | Killed a tengu warrior
 20204 | D:10     | Reached *** piety under Okawaru
 20242 | D:10     | Gained mutation: Your movements are less encumbered by
                  | armour. (ER -4) [demonic ancestry]
 20242 | D:10     | Reached XP level 11. HP: 49/84 MP: 13/15
 20410 | D:10     | Found Doboedgh's Weapon Shoppe.
 20440 | D:10     | Noticed a wizard
 20445 | D:10     | Cast into level 2 of the Abyss (a wizard)
 20457 | Abyss:2  | Noticed a wretched star
 20487 | Abyss:2  | Killed a wretched star
 20498 | Abyss:2  | Slain by a large abomination

Illustrated notes

Levels and vault maps discovered:
D:1:      mrwooster_arrival_arrow, layout_rooms,
          hangedman_abyss_or_decor_lesser_grid
D:2:      layout_basic, shapermc_ecumenical_altar_venn
D:3:      layout_basic, portal_sewer_entry_f, kennysheep_generic_room_12,
          uniq_natasha
D:4:      layout_basic, nzn_overflow_gifts_of_might_and_magic
D:5:      layout_loops_cross, kb_xom_exploding_sheep,
          gammafunk_temple_overflow_statue, hex_large
D:6:      layout_basic, serial_shops, shop, kennysheep_generic_room_10,
          uniq_grinder
D:7:      layout_basic, minmay_temple_entry_hall, minmay_misc_feat_five,
          corexii_item_surrounded_by_moat, kennysheep_boxes, uniq_joseph
D:8:      layout_loops_ring, minmay_overflow_temple_star_quad,
          serial_co_window_serial, co_window_paths_b, co_window_corner_a,
          co_window_corner_a, co_window_paths_b, co_window_of_opportunity_a,
          co_window_paths_b, co_window_paths_b, co_window_of_opportunity_c,
          co_window_corner_b, co_window_of_opportunity_c, co_window_2corner,
          co_window_cross_2, co_window_corner_ca, co_window_2corner,
          glass_columns_c, glass_columns_b, glass_columns_a, glass_columns_a,
          glass_columns_b, uniq_maggie
D:9:      wander_kiku_kobolds, layout_irregular_city, enter_bailey_3,
          gammafunk_ghost_abyssal_escape, minmay_protected_statue, uniq_grum
D:10:     layout_gridville, dpeg_oklobed_lair, serial_shops, shop, laboratory,
          uniq_sonja
Temple:   dpeg_chambers_temple
Abyss:2:  base: D:9, evilmike_abyss_exit_10

Skill      XL: |  1  2  3  4  5  6  7  8  9 10 11 |
---------------+----------------------------------+-----
Long Blades    | 2 3 4 5 6 7 8 |  8.5
Dodging        | 1 2 3 4 5 |  5.7
Armour         | 3 4 5 6 |  6.3
Shields        | 3 4 5 6 |  6.0
Throwing       | 1 2 3 |  3.2
Fighting       | 4 5 6 7 |  7.0
Stealth        | 1 |  1.6
Invocations    | 3 5 |  5.4
Spellcasting   | 1 3 |  3.2
Slings         | 1 |  1.8
Evocations     | |  0.9

Action                   |  1- 3 |  4- 6 |  7- 9 | 10-12 || total
-------------------------+-------+-------+-------+-------++-------
Melee: Long sword        |   120 |   272 |   351 |   325 ||  1068
 Fire: Hunting sling     |       |       |    19 |    38 ||    57
Throw: Dart              |    44 |    55 |    48 |    33 ||   180
       Javelin           |       |       |    12 |       ||    12
       Boomerang         |       |       |    10 |    72 ||    82
Invok: Heroism           |       |       |       |     3 ||     3
Evoke: Wand              |       |       |     7 |     7 ||    14
  Use: Scroll            |     1 |     1 |     9 |     9 ||    20
       Potion            |       |     2 |     1 |     2 ||     5
Armor: Scale mail        |    24 |       |       |       ||    24
       Chain mail        |    55 |   219 |   120 |       ||   394
       Acid dragon scale |       |       |    29 |    17 ||    46
       Plate armour      |       |       |       |   265 ||   265
Dodge: Dodged            |    23 |    89 |   158 |   105 ||   375
Block: Kite shield       |    60 |   186 |   255 |    25 ||   526
       Tower shield      |       |       |       |   429 ||   429
       Rpst.: Long sword |     5 |    26 |    38 |    24 ||    93

Table legend: (Time is in decaauts)
 A = Elapsed time spent in this place.
 B = Non-inter-level travel time spent in this place.
 C = Inter-level travel time spent in this place.
 D = Time resting spent in this place.
 E = Time spent auto-exploring this place.
 F = Levels seen in this place.
 G = Mean time per level.
                   A        B        C        D        E       F      G
               +--------+--------+--------+--------+--------+-----+--------+
         Total |  21129 |  20419 |    710 |   4872 |  10919 |  14 | 1509.2 |
       Dungeon |  17837 |  17127 |    710 |   3574 |   9847 |  10 | 1783.7 |
        Temple |    268 |    268 |      0 |      0 |    228 |   1 |  268.0 |
         Abyss |     56 |     56 |      0 |      0 |     10 |   1 |   56.0 |
         Sewer |   2147 |   2147 |      0 |    835 |    804 |   1 | 2147.0 |
        Bailey |    819 |    819 |      0 |    463 |     30 |   1 |  819.0 |
               +--------+--------+--------+--------+--------+-----+--------+

Top non-repeatable levels by time:
     D:7: 2893 daAuts
     D:9: 2725 daAuts
     D:8: 2512 daAuts
     D:4: 2349 daAuts
   Sewer: 2147 daAuts
     D:6: 1780 daAuts
     D:3: 1577 daAuts
     D:5: 1217 daAuts
     D:1: 953 daAuts
    D:10: 924 daAuts
     D:2: 901 daAuts
  Bailey: 819 daAuts
  Temple: 268 daAuts
 Abyss:2: 56 daAuts
